 Dungeon Crawl Stone Soup version 0.31.0-32-g396128a36d (webtiles) character file.

Game seed: 5179357019679184410

1223 jagang the Fighter (level 8, -5/69 HPs)
             Began as a Human Monk on Mar 23, 2024.
             Was a Priest of Okawaru.
             Splashed by a jelly's acid (7 damage)
             ... on level 6 of the Dungeon.
             The game lasted 00:09:48 (4681 turns).

jagang the Fighter (Human Monk)                     Turns: 4681, Time: 00:09:50

Health: -5/69      AC: -5    Str: 11      XL:     8   Next: 47%
Magic:  8/8        EV:  2    Int: 10      God:    Okawaru [***...]
Gold:   136        SH:  5    Dex: 18 (19) Spells: 7/7 levels left

rFire   + . .        p - +8 whip "Hiblad" {spect, rN+}
rCold   x . .        d - orb {light}
rNeg    + . .        y - +0 plate armour
rPois   .            (helmet restricted)
rElec   .            (no cloak)
rCorr   .            C - +0 pair of gloves
SInv    +            (no boots)
Will    .....        n - amulet of reflection Stlth
                     f - ring of see invisible
HPRegen 0.31/turn    o - ring of fire
MPRegen 0.11/turn

%: reflection
@: corroded, glowing
A: explore regen, horns 1, deterioration 1
a: Renounce Religion, Heroism


You were on level 6 of the Dungeon.
You worshipped Okawaru.
Okawaru was most pleased with you.
You visited 1 branch of the dungeon, and saw 6 of its levels.

You collected 214 gold pieces.
You spent 78 gold pieces at shops.

Inventory:

Hand Weapons
 p - the +8 whip "Hiblad" (weapon) {spect, rN+}
   (You found it on level 2 of the Dungeon)

   rN+:       It protects you from negative energy.
 u - the +7 dagger of the Middle {freeze, ^Fragile rPois SInv Stlth+}
   (You found it on level 3 of the Dungeon)

   rPois:     It protects you from poison SInv: It lets you see invisible.
   ^Fragile:  It will be destroyed if unequipped.
   Stlth+:    It makes you more stealthy.
Missiles
 r - 4 curare-tipped darts
 t - 3 poisoned darts (quivered)
Armour
 d - an orb of light (worn)
 y - a +0 plate armour (worn)
 C - a +0 pair of gloves (worn)
Jewellery
 f - a ring of see invisible (left hand)
 n - an amulet of reflection (around neck)
 o - a ring of fire (right hand)
 w - an amulet of faith
Wands
 a - a wand of iceblast (13)
Scrolls
 b - 2 scrolls of immolation
 h - a scroll of poison
 l - a scroll of teleportation
 m - a scroll of amnesia
 q - 3 scrolls of enchant weapon
 s - 2 scrolls of fog
 z - a scroll of torment
 A - a scroll of fear
 B - 2 scrolls of brand weapon
Potions
 c - a potion of ambrosia
 e - 2 potions of heal wounds
 g - a potion of curing
 i - a potion of magic {unknown}
 j - a potion of haste {unknown}
 k - a potion of attraction {unknown}
 v - a potion of lignification {unknown}
 x - a potion of might {unknown}


   Skills:
 * Level 8.6 Fighting
 + Level 6.4 Long Blades
 - Level 1.0 Throwing
 - Level 3.0 Dodging


You had 7 spell levels left.
You didn't know any spells.
Your spell library contained the following spells:

 Spells                   Type           Power      Damage    Failure   Level
 Apportation              Tloc           0%         N/A       100%        1
 Necrotise                Necr           0%         1d4       100%        1
 Sting                    Conj/Alch      0%         1d3       100%        1
 Blink                    Tloc           0%         N/A       100%        2
 Ensorcelled Hibernation  Hex/Ice        0%         N/A       100%        2
 Lesser Beckoning         Tloc           0%         N/A       100%        2
 Momentum Strike          Conj/Tloc      0%         3d8       100%        2
 Static Discharge         Conj/Air       0%         3-3/arc   100%        2
 Passwall                 Erth           0%         N/A       100%        3
 Swiftness                Air            0%         N/A       100%        3
 Airstrike                Air            0%         2d(0-16)  100%        4
 Orb of Destruction       Conj           0%         9d5       100%        7
 Summon Small Mammal      Summ           Unusable   N/A       N/A         1
 Summon Blazeheart Golem  Fire/Summ      Unusable   N/A       N/A         4
 Summon Lightning Spire   Summ/Air       Unusable   N/A       N/A         4
 Spellforged Servitor     Conj/Summ      Unusable   N/A       N/A         7

Dungeon Overview and Level Annotations

Branches:
Dungeon (6/15)             Temple (0/1) D:5

Altars:
Fedhas
Okawaru

Shops:
D:5 =?


Innate Abilities, Weirdness & Mutations

You regain HP and MP as you explore.
You have a pair of small horns on your head.
Your body sometimes deteriorates upon taking damage.


Message History

A jelly comes into view.
The jelly quivers.
The jelly jiggles.
The jelly hits you but does no damage.
You hit the jelly. The acid corrodes you!
Your hands burn!
You headbutt the jelly, but do no damage.
The jelly is lightly wounded.
The jelly hits you but does no damage.
You hit the jelly.
Your hands burn!
You headbutt the jelly, but do no damage.
The jelly is moderately wounded.
The jelly hits you. The acid corrodes you!
You are splashed with acid!
You hit the jelly but do no damage.
Your hands burn!
The jelly is moderately wounded.
The jelly hits you but does no damage.
You hit the jelly. The acid corrodes you!
Your hands burn!
You headbutt the jelly.
The jelly is severely wounded.
The jelly hits you.
You are splashed with acid!
You are too injured to fight recklessly!
You are too injured to fight recklessly!
You hit the jelly but do no damage. The acid corrodes you!
Your hands burn!
The jelly is severely wounded.
The jelly hits you.
You are splashed with acid!
* * * LOW HITPOINT WARNING * * *
Your body deteriorates!
You feel clumsy.
You hit the jelly but do no damage.
Your hands burn!
* * * LOW HITPOINT WARNING * * *
You headbutt the jelly.
The jelly is severely wounded.
The jelly hits you.
* * * LOW HITPOINT WARNING * * *
You are splashed with acid!
* * * LOW HITPOINT WARNING * * *
You hit the jelly but do no damage.
Your hands burn!
* * * LOW HITPOINT WARNING * * *
The jelly is severely wounded.
The jelly hits you.
* * * LOW HITPOINT WARNING * * *
You are splashed with acid!
You die...

#.# #.....> #.# ####..)
#... #... #... ####
########################
......J@................
########################


You could see a jelly.

Vanquished Creatures
  Sigmund (D:3)
  An ice beast (D:4)
  A black bear (D:4)
  2 ogres
  The ghost of gamers12 the Poker, an amateur MfGl of Makhleb (D:4)
  A centaur (D:5)
  3 scorpions
  A bombardier beetle (D:5)
  A hound (D:5)
  3 iguanas (D:5)
  7 gnolls
  10 adders
  2 ufetubi (D:5)
  3 dart slugs
  A ribbon worm (D:5)
  7 orcs
  7 endoplasms
  4 giant cockroaches
  3 goblins
  4 hobgoblins
  A quokka (D:4)
  3 ball pythons
  3 bats
  A frilled lizard (D:3)
  7 kobolds
  2 rats
80 creatures vanquished.

Notes
Turn   | Place    | Note
-------+----------+-------------------------------------------
     0 | D:1      | jagang the Human Monk began the quest for the Orb.
     0 | D:1      | Reached XP level 1. HP: 18/18 MP: 1/1
   261 | D:1      | Reached XP level 2. HP: 24/24 MP: 2/2
  1039 | D:2      | Reached XP level 3. HP: 26/30 MP: 3/3
  1217 | D:2      | Reached skill level 4 in Fighting
  1352 | D:2      | Identified the +8 whip "Hiblad" {spect, rN+}
  1660 | D:3      | Reached XP level 4. HP: 38/38 MP: 4/4
  1872 | D:3      | Noticed Sigmund
  1893 | D:3      | Killed Sigmund
  1894 | D:3      | Reached skill level 5 in Fighting
  1894 | D:3      | Reached XP level 5. HP: 46/46 MP: 5/5
  1894 | D:3      | Reached XP level 6. HP: 52/52 MP: 6/6
  2250 | D:3      | Identified the +7 dagger of the Middle {freeze, ^Fragile
                  | rPois SInv Stlth+}
  2442 | D:3      | Found a faded altar of an unknown god.
  2446 | D:3      | Found an iron altar of Okawaru.
  2702 | D:4      | Noticed an ice beast
  2709 | D:4      | Killed an ice beast
  2710 | D:4      | Reached skill level 6 in Fighting
  2720 | D:3      | Became a worshipper of Warmaster Okawaru
  2720 | D:3      | Reached * piety under Okawaru
  2720 | D:3      | Reached ** piety under Okawaru
  2779 | D:4      | Noticed a black bear
  2792 | D:4      | Killed a black bear
  2793 | D:4      | Reached skill level 5 in Long Blades
  2793 | D:4      | Reached XP level 7. HP: 16/59 MP: 7/7
  3192 | D:4      | Found a runed translucent gate.
  3193 | D:4      | Found a runed translucent gate.
  3193 | D:4      | Noticed gamers12's ghost (amateur MfGl)
  3196 | D:4      | Found a runed translucent gate.
  3206 | D:4      | Killed gamers12's ghost
  3207 | D:4      | Reached skill level 7 in Fighting
  3509 | D:4      | Found a blossoming altar of Fedhas.
  3759 | D:4      | Gained mutation: You have a pair of small horns on your
                  | head. [potion of mutation]
  3759 | D:4      | Gained mutation: Your body sometimes deteriorates upon
                  | taking damage. [potion of mutation]
  3786 | D:5      | Entered Level 5 of the Dungeon
  3786 | D:5      | Found Fouhig's Jewellery Boutique.
  4075 | D:5      | Found a staircase to the Ecumenical Temple.
  4101 | D:5      | Reached XP level 8. HP: 68/68 MP: 8/8
  4117 | D:5      | Found Kuonah's General Store.
  4122 | D:5      | Found Yzuipe's Magic Scroll Emporium.
  4140 | D:5      | Bought a scroll of identify for 26 gold pieces
  4140 | D:5      | Bought a scroll of fear for 52 gold pieces
  4217 | D:5      | Reached skill level 1 in Throwing
  4240 | D:5      | Reached skill level 8 in Fighting
  4362 | D:5      | Reached *** piety under Okawaru
  4681 | D:6      | HP: 2/69 [jelly (3)]
  4681 | D:6      | Splashed by a jelly's acid

Illustrated notes

Levels and vault maps discovered:
D:1:      dpeg_arrival_arbitrary_a, layout_basic, nicolae_the_louvre
D:2:      layout_basic
D:3:      minmay_general_purpose_star, layout_loops_ring,
          nicolae_overflow_ecumenical_swirl, uniq_sigmund
D:4:      layout_basic, lemuel_coloured_pillars_altar, ebering_ghost_rock_garden
D:5:      layout_loops_cross, minmay_temple_entry_gardened_gates, serial_shops,
          shop, nicolae_stop_n_shop_1, shop, st_stairs_12
D:6:      layout_basic, yredelemnul_altar_generic

Skill      XL: |  1  2  3  4  5  6  7  8 |
---------------+-------------------------+-----
Fighting       | 4 5 6 7 8 |  8.6
Long Blades    | 4 5 6 |  6.4
Throwing       | 1 |  1.0
Dodging        | |  3.0

Action                     |  1- 3 |  4- 6 |  7- 9 || total
---------------------------+-------+-------+-------++-------
  Melee: Falchion          |    63 |       |       ||    63
         Whip              |     7 |    47 |    79 ||   133
         Headbutt          |       |       |    19 ||    19
  Throw: Dart              |       |       |    13 ||    13
         Throwing net      |       |       |     1 ||     1
 Invoke: Heroism           |       |       |     1 ||     1
    Use: Scroll            |       |       |    12 ||    12
         Potion            |       |       |     1 ||     1
   Stab: Distracted        |       |     1 |     1 ||     2
 Armour: Robe              |    10 |       |       ||    10
         Scale mail        |    34 |    52 |    18 ||   104
         Plate armour      |       |       |    51 ||    51
  Dodge: Dodged            |    37 |    21 |    21 ||    79
